 Dungeon Crawl Stone Soup version 0.27-a0-279-gdfb9265905 (webtiles) character file.

Game seed: 9774842102771171513

231 Anon1729 the Twirler (level 6, -4/44 HPs)
             Began as a Gnoll Wanderer on Feb 8, 2021.
             Killed from afar by an orc wizard (10 damage)
             ... with a magic dart
             ... on level 4 of the Dungeon.
             The game lasted 00:07:38 (4402 turns).

Anon1729 the Twirler (Gnoll Wanderer)               Turns: 4402, Time: 00:07:39

Health: -4/44      AC:  4    Str: 19    XL:     6   Next: 4%
Magic:  10/13      EV: 27    Int: 11    God:
Gold:   378        SH:  0    Dex: 12    Spells: 12/15 levels left

rFire    . . .     SeeInvis .   f - +1 dagger (speed)
rCold    . . .     Faith    .   (no shield)
rNeg     . . .     Spirit   .   e - +0 robe
rPois    .         Reflect  .   (no helmet)
rElec    .         Harm     .   (no cloak)
rCorr    .         Rampage  .   s - +0 pair of gloves
Will     .....                  g - +0 pair of boots
Stlth    ++........             o - amulet of the acrobat
HPRegen  0.14/turn              v - +6 ring of strength
MPRegen  0.13/turn              (no ring)

@: acrobat
A: distributed training, fangs 1, strong nose
a: no special abilities


You were on level 4 of the Dungeon.
You visited 1 branch of the dungeon, and saw 4 of its levels.
You also visited: Ossuary.

You collected 378 gold pieces.

Inventory:

Hand Weapons
 a - a +0 dagger
 f - a +1 dagger of speed (weapon)
Missiles
 c - 12 poisoned darts
Armour
 e - a +0 robe (worn)
 g - a +0 pair of boots (worn)
 s - a +0 pair of gloves (worn)
Jewellery
 o - an amulet of the acrobat (around neck)
 v - a +6 ring of strength (left hand)
Scrolls
 i - 3 scrolls of teleportation {unknown}
 k - 4 scrolls of identify {unknown}
 l - a scroll of enchant weapon {unknown}
 m - 3 scrolls of fear {unknown}
 n - 3 scrolls of noise {unknown}
 q - a scroll of magic mapping {unknown}
 r - 3 scrolls of blinking {unknown}
 u - a scroll of remove curse
Potions
 b - a potion of lignification
 h - 4 potions of brilliance
 j - 2 potions of curing
 t - a potion of attraction {unknown}


   Skills:
 + Level 1.7 Fighting
 + Level 1.7 Short Blades
 + Level 1.7 Long Blades
 + Level 1.7 Axes
 + Level 1.7 Maces & Flails
 + Level 1.7 Polearms
 + Level 6.7 Staves
 + Level 1.7 Slings
 + Level 1.7 Bows
 + Level 1.7 Crossbows
 + Level 3.1 Throwing
 + Level 1.7 Armour
 + Level 1.7 Dodging
 + Level 1.7 Stealth
 + Level 1.7 Shields
 + Level 1.7 Unarmed Combat
 + Level 5.3 Spellcasting
 + Level 1.3 Conjurations
 + Level 1.3 Hexes
 + Level 1.3 Summonings
 + Level 1.3 Necromancy
 + Level 1.3 Translocations
 + Level 5.6 Transmutations
 + Level 1.3 Fire Magic
 + Level 1.3 Ice Magic
 + Level 1.3 Air Magic
 + Level 1.3 Earth Magic
 + Level 1.3 Poison Magic
 + Level 2.0 Invocations
 + Level 3.1 Evocations


You had 12 spell levels left.
You knew the following spells:

 Your Spells              Type           Power        Failure   Level
a - Magic Dart            Conj           20%          12%         1
b - Call Imp              Summ           5%           19%         2

Your spell library contained the following spells:

 Spells                   Type           Power        Failure   Level
 Blink                    Tloc           N/A          19%         2
 Slow                     Hex            5%           19%         2
 Conjure Flame            Conj/Fire      5%           34%         3
 Mephitic Cloud           Conj/Pois/Air  5%           34%         3


Dungeon Overview and Level Annotations

Branches:
Dungeon (4/15)            Ossuary (visited)
 Temple: D:4-7

Altars:
Kikubaaqudgha
Nemelex Xobeh
Beogh

Annotations:
D:3 3 runed translucent doors, PeterLawrence's ghost, amateur MiFi


Innate Abilities, Weirdness & Mutations

Your experience applies equally to all skills.
You have very sharp teeth.
Your uncanny sense of smell can sniff out nearby items.


Message History

Your shadow imp hits the orc.
You feel stronger.
v - a +6 ring of strength (left hand) Unknown command.
Your shadow imp hits the orc.
The orc dies!
Something hits your shadow imp.
Your shadow imp hits something.
Something hits you.
* * * LOW HITPOINT WARNING * * *
Things that are here:
an uncursed ring of teleportation; a -4 ring of intelligence Your shadow imp hits something.
Something hits you.
* * * LOW HITPOINT WARNING * * *
Things that are here:
a +0 short sword; an orc corpse Your shadow imp hits something.
Your shadow imp hits something.
A magic dart appears from out of thin air!
The magic dart hits you!
You die...

.......## #....).##
##..## ##....######
... ##..#.......#
#..# ##..###....)...
#.. ####..##
##..##### ∆
#..###....###+###..#
#..#....#@......#.?#
#.....###.{...###..#
##...##.##=5.## #...
##
##..###'###.###+###..
##..
#..................
#..#
##..#..###..####.#..
#..## ##.####.# #..#
#...###.## #..##.>#
#......# ##....##


You could see a friendly shadow imp (summoned).

Vanquished Creatures
  A howler monkey (D:4)
  3 mummies
  An adder (D:3)
  An ooze (D:3)
  A worm (D:3)
  An adder skeleton (D:4)
  A dart slug (D:1)
  A leopard gecko (D:1)
  7 orcs
  2 ball pythons
  6 bats
  A giant cockroach (D:1)
  9 goblins
  8 hobgoblins
  5 frilled lizards
  3 goblin zombies (Ossuary)
  A jackal skeleton (D:4)
  7 kobolds
  An orc zombie (Ossuary)
  12 rats
72 creatures vanquished.

Vanquished Creatures (collateral kills)
  A worker ant (D:4)
  3 big kobold zombies (Ossuary)
  An orc (D:4)
  A gnoll zombie (Ossuary)
  3 goblin zombies (Ossuary)
  A hobgoblin zombie (Ossuary)
  2 orc zombies (Ossuary)
12 creatures vanquished.

Grand Total: 84 creatures vanquished

Notes
Turn   | Place    | Note
-------+----------+-------------------------------------------
     0 | D:1      | Anon1729 the Gnoll Wanderer began the quest for the Orb.
     0 | D:1      | Anon1729 set off with the following items: a +0 dagger, a
                  | potion of lignification, 12 poisoned darts, a +0 robe; and
                  | the following spell memorised: Magic Dart; and the
                  | following spells available to memorise: Blink, Call Imp,
                  | Slow, Conjure Flame, Mephitic Cloud
     0 | D:1      | Reached XP level 1. HP: 13/13 MP: 6/6
   170 | D:1      | Reached XP level 2. HP: 11/19 MP: 7/7
  1133 | D:1      | Reached XP level 3. HP: 25/25 MP: 9/9
  1295 | D:1      | Reached skill level 5 in Spellcasting
  1625 | D:2      | Reached skill level 1 in Invocations
  1934 | D:2      | Found a sparkling altar of Nemelex Xobeh.
  2204 | D:3      | Reached skill level 1 in Fighting
  2204 | D:3      | Reached skill level 1 in Short Blades
  2204 | D:3      | Reached skill level 1 in Long Blades
  2204 | D:3      | Reached skill level 1 in Axes
  2204 | D:3      | Reached skill level 1 in Maces & Flails
  2204 | D:3      | Reached skill level 1 in Polearms
  2204 | D:3      | Reached skill level 1 in Slings
  2204 | D:3      | Reached skill level 1 in Bows
  2204 | D:3      | Reached skill level 1 in Crossbows
  2204 | D:3      | Reached skill level 1 in Armour
  2204 | D:3      | Reached skill level 1 in Dodging
  2204 | D:3      | Reached skill level 1 in Stealth
  2204 | D:3      | Reached skill level 1 in Shields
  2204 | D:3      | Reached skill level 1 in Unarmed Combat
  2304 | D:3      | Reached XP level 4. HP: 32/32 MP: 11/11
  2882 | D:3      | Found a runed translucent gate.
  2894 | D:3      | Found a runed translucent gate.
  2894 | D:3      | Found a runed translucent gate.
  2897 | D:3      | Noticed PeterLawrence's ghost (amateur MiFi)
  2900 | D:3      | Found a roughly hewn altar of Beogh.
  3321 | D:4      | Reached skill level 1 in Conjurations
  3321 | D:4      | Reached skill level 1 in Hexes
  3321 | D:4      | Reached skill level 1 in Summonings
  3321 | D:4      | Reached skill level 1 in Necromancy
  3321 | D:4      | Reached skill level 1 in Translocations
  3321 | D:4      | Reached skill level 1 in Fire Magic
  3321 | D:4      | Reached skill level 1 in Ice Magic
  3321 | D:4      | Reached skill level 1 in Air Magic
  3321 | D:4      | Reached skill level 1 in Earth Magic
  3321 | D:4      | Reached skill level 1 in Poison Magic
  3324 | D:4      | Found an ancient bone altar of Kikubaaqudgha.
  3330 | D:4      | Reached XP level 5. HP: 23/37 MP: 12/12
  3450 | D:4      | Found a sand-covered staircase.
  3658 | Ossuary  | Entered an ossuary
  3758 | Ossuary  | Learned a level 2 spell: Call Imp
  4390 | D:4      | Reached XP level 6. HP: 11/44 MP: 8/13
  4402 | D:4      | Killed from afar by an orc wizard

Illustrated notes

Levels and vault maps discovered:
D:1:      mrwooster_arrival_statue_3, layout_loops_ring
D:2:      layout_rooms, nemelex_altar_shiori
D:3:      layout_rooms, biasface_ghost_orc_armoury
D:4:      layout_layer_cave, lemuel_doored_altar, nicolae_ossuary_entry_giza,
          uniq_menkaure

Skill      XL: |  1  2  3  4  5 |
---------------+----------------+-----
Spellcasting   | 5 |  5.3
Invocations    | 1 2 |  2.0
Fighting       | 1 |  1.7
Short Blades   | 1 |  1.7
Long Blades    | 1 |  1.7
Axes           | 1 |  1.7
Maces & Flails | 1 |  1.7
Polearms       | 1 |  1.7
Slings         | 1 |  1.7
Bows           | 1 |  1.7
Crossbows      | 1 |  1.7
Armour         | 1 |  1.7
Dodging        | 1 |  1.7
Stealth        | 1 |  1.7
Shields        | 1 |  1.7
Unarmed Combat | 1 |  1.7
Conjurations   | 1 |  1.3
Hexes          | 1 |  1.3
Summonings     | 1 |  1.3
Necromancy     | 1 |  1.3
Translocations | 1 |  1.3
Fire Magic     | 1 |  1.3
Ice Magic      | 1 |  1.3
Air Magic      | 1 |  1.3
Earth Magic    | 1 |  1.3
Poison Magic   | 1 |  1.3
Throwing       | 3 |  3.1
Evocations     | 3 |  3.1
Staves         | |  6.7
Transmutations | |  5.6

Action                   |  1- 3 |  4- 6 || total
-------------------------+-------+-------++-------
Melee: Dagger            |   199 |   216 ||   415
       Bite              |     9 |    19 ||    28
       Punch             |     1 |       ||     1
 Cast: Magic Dart        |       |    14 ||    14
       Call Imp          |       |    12 ||    12
  Use: Potion            |       |     3 ||     3
       Scroll            |       |     1 ||     1
 Stab: Sleeping          |     3 |       ||     3
       Distracted        |       |     1 ||     1
Armor: Robe              |    30 |    20 ||    50
Dodge: Dodged            |   107 |    77 ||   184

Table legend: (Time is in decaauts)
 A = Elapsed time spent in this place.
 B = Non-inter-level travel time spent in this place.
 C = Inter-level travel time spent in this place.
 D = Time resting spent in this place.
 E = Time spent auto-exploring this place.
 F = Levels seen in this place.
 G = Mean time per level.
                   A        B        C        D        E       F      G
               +--------+--------+--------+--------+--------+-----+--------+
         Total |   4251 |   4108 |    143 |    510 |   2836 |   5 |  850.2 |
       Dungeon |   3619 |   3476 |    143 |    415 |   2514 |   4 |  904.8 |
       Ossuary |    631 |    631 |      0 |     95 |    322 |   1 |  631.0 |
               +--------+--------+--------+--------+--------+-----+--------+

Top non-repeatable levels by time:
     D:1: 1372 daAuts
     D:3: 961 daAuts
     D:2: 712 daAuts
 Ossuary: 631 daAuts
     D:4: 573 daAuts
